 Dungeon Crawl Stone Soup version 0.30.0-29-ga12c61a403 (webtiles) character file.

Game seed: 14741042826911531693

1159 monsoonserge the Zephyrmancer (level 8, 0/43 HPs)
             Began as a Tengu Air Elementalist on June 7, 2023.
             Was an Initiate of Vehumet.
             Constricted to death by Ijyb (8 damage)
             ... on level 5 of the Dungeon.
             The game lasted 00:21:08 (4753 turns).

monsoonserge the Zephyrmancer (TeAE)                Turns: 4753, Time: 00:21:09

Health: 0/43       AC:  2    Str:  8    XL:     8   Next: 39%
Magic:  0/15       EV: 12    Int: 21    God:    Vehumet [......]
Gold:   288        SH:  0    Dex: 14    Spells: 5/15 levels left

rFire   . . .        x - +7 short sword "Duhyanoli" {spect, rPois rC+ Int+2}
rCold   + . .        (no shield)
rNeg    + . .        C - +0 robe {rN+}
rPois   +            (helmet restricted)
rElec   .            (no cloak)
rCorr   .            (no gloves)
SInv    .            (boots unavailable)
Will    .....        (no amulet)
Stlth   ++           (no ring)
HPRegen 0.27/turn    (no ring)
MPRegen 0.14/turn

%: no passive effects
@: grasped by roots, flying quickly and evasively, very slightly contaminated,
constricted, quick
A: beak, talons 3, nimble flight
a: Renounce Religion


You were on level 5 of the Dungeon.
You worshipped Vehumet.
Vehumet was noncommittal.
You visited 2 branches of the dungeon, and saw 6 of its levels.

You collected 288 gold pieces.

Inventory:

Hand Weapons
 x - the +7 short sword "Duhyanoli" (weapon) {spect, rPois rC+ Int+2}
   (You found it on level 5 of the Dungeon)

   Int:       It affects your intelligence (+2).
   rC:        It protects you from cold.
   rPois:     It protects you from poison.
 D - a +2 falchion of freezing
Missiles
 c - 4 poisoned darts
 k - 6 atropa-tipped darts
 y - 2 javelins
Armour
 a - a +0 robe
 e - a +0 leather armour
 r - a +0 ring mail
 s - a +0 scale mail
 C - a +0 robe of positive energy (worn)
Scrolls
 d - a scroll of immolation {unknown}
 f - 4 scrolls of amnesia {unknown}
 g - 2 scrolls of fog {unknown}
 h - a scroll of fear {unknown}
 i - 2 scrolls of teleportation {unknown}
 j - 2 scrolls of identify {unknown}
 l - 2 scrolls of enchant armour {unknown}
 m - a scroll of blinking {unknown}
 n - a scroll of brand weapon {unknown}
 o - a scroll of noise {unknown}
 u - a scroll of torment {unknown}
Potions
 b - 2 potions of magic
 p - a potion of curing {unknown}
 q - 2 potions of haste
 t - 3 potions of flight {unknown}
 v - a potion of berserk rage {unknown}
 w - a potion of degeneration {unknown}
 z - a potion of might {unknown}


   Skills:
 + Level 1.5 Fighting
 + Level 1.0 Short Blades
 - Level 1.0 Polearms
 - Level 3.0 Armour
 + Level 3.0 Dodging
 - Level 3.0 Stealth
 - Level 4.0 Spellcasting
 - Level 5.0 Conjurations
 + Level 9.2 Air Magic


You had 5 spell levels left.
You knew the following spells:

 Your Spells              Type           Power      Damage    Failure   Level
a - Shock                 Conj/Air       100%       1d9       1%          1
b - Static Discharge      Conj/Air       68%        2-5/arc   1%          2
c - Swiftness             Air            43%        N/A       1%          3
d - Airstrike             Air            21%        2d(4-20)  2%          4

Your spell library contained the following spells:

 Spells                   Type           Power      Damage    Failure   Level
 Silence                  Hex/Air        11%        N/A       45%         5
 Animate Armour           Summ/Erth      8%         N/A       75%         4
 Passage of Golubria      Tloc           4%         N/A       75%         4
 Blade Hands              Tmut           2%         N/A       97%         5
 Iron Shot                Conj/Erth      7%         9d2       100%        6
 Borgnjor's Revivificati  Necr           2%         N/A       100%        8
 Lehudib's Crystal Spear  Conj/Erth      7%         10d3      100%        8
 Necromutation            Tmut/Necr      2%         N/A       100%        8
 Death's Door             Necr           2%         N/A       100%        9


Dungeon Overview and Level Annotations

Branches:
Dungeon (5/15)             Temple (1/1) D:4

Altars:
Ashenzari
Cheibriados
Elyvilon
Fedhas
Gozag
Kikubaaqudgha
Makhleb
Nemelex Xobeh
Okawaru
Qazlal
Sif Muna
Trog
Uskayaw
Vehumet
Wu Jian
Xom
Yredelemnul
Zin
The Shining One

Shops:
D:3 *:

Annotations:
D:5 Ijyb


Innate Abilities, Weirdness & Mutations

You have a beak for a mouth.
You have claws for feet.
Your magical nature lets you fly swiftly and evasively.


Message History

Your Air Magic skill gained 2 levels and is now at level 9!
You have reached level 8!
You feel clever.
Things that are here:
a +1 whip of flaming; a +2 robe of willpower; the kobold corpse of Pikel
Casting: Shock (safe; 1% risk of failure)
Confirm with . or Enter, or press ? or * to list all spells.
Aiming: Shock (safe; 1% risk of failure)
Press: ? - help, Shift-Dir - straight line, f - Ijyb
Aim: Ijyb, wielding a +0 dagger, wearing a +0 ring mail and carrying a wand of roots (9) (black smoke, moderately wounded, 71% to hit)
You miscast Shock.
You are very lightly contaminated with residual magic.
Nothing appears to happen.
Casting: Shock (safe; 1% risk of failure)
Confirm with . or Enter, or press ? or * to list all spells.
Aiming: Shock (safe; 1% risk of failure)
Press: ? - help, Shift-Dir - straight line, f/p - Ijyb
Aim: Ijyb, wielding a +0 dagger, wearing a +0 ring mail and carrying a wand of roots (9) (black smoke, moderately wounded, 71% to hit)
The zap hits Ijyb but does no damage.
Ijyb is moderately wounded.
Ijyb zaps a wand.
The roots erupt in riotous growth!
The grasping roots grab you! The grasping roots constrict you.
Unknown command.
The roots grasp on you weakens, but your attempt to escape fails.
The grasping roots constrict you!
You hit Ijyb but do no damage. Your kick misses Ijyb. You peck Ijyb.
Ijyb is moderately wounded.
Your +7 short sword "Duhyanoli" {spect, rPois rC+ Int+2} closely misses Ijyb.
Ijyb hits you with a +0 dagger. The grasping roots constrict you.
You hit Ijyb. Your kick misses Ijyb. You peck Ijyb.
Ijyb is heavily wounded.
Your +7 short sword "Duhyanoli" {spect, rPois rC+ Int+2} hits Ijyb.
Ijyb hits you with a +0 dagger. The grasping roots constrict you!
* * * LOW HITPOINT WARNING * * *
You hit Ijyb. You peck Ijyb, but do no damage. Your punch misses Ijyb.
Ijyb is almost dead.
Your +7 short sword "Duhyanoli" {spect, rPois rC+ Int+2} hits Ijyb.
Ijyb misses you. The grasping roots constrict you!
You die...

#.... #..>.##.###..###
#.#####.....#.##..## #..
#.#...........##.## #..
#.#...........##.#
#...#.#........)..#..#
#...#.#........)....##
#.g.5.#...§...........#
#...K.#..........#........
#....#.§(g@....##....####
#.....##.....########
##############


You could see Ijyb and a friendly +7 short sword "Duhyanoli" {spect, rPois rC+
Int+2}.

Vanquished Creatures
  Pikel (D:5)
  An ogre (D:5)
  Blork the orc (D:4)
  5 wights (D:4)
  2 orc priests (D:3)
  An iguana (D:5)
  An orc wizard (D:4)
  4 gnolls
  4 adders
  3 worms
  A dart slug (D:1)
  12 orcs
  10 bats
  8 endoplasms
  3 giant cockroaches
  6 hobgoblins
  2 jackals (D:1)
  8 quokkas
  7 ball pythons
  12 frilled lizards
  3 goblins
  6 kobolds
  5 rats
106 creatures vanquished.

Notes
Turn   | Place    | Note
-------+----------+-------------------------------------------
     0 | D:1      | monsoonserge the Tengu Air Elementalist began the quest for
                  | the Orb.
     0 | D:1      | Reached XP level 1. HP: 10/10 MP: 4/4
   208 | D:1      | Reached XP level 2. HP: 15/15 MP: 4/6
   211 | D:1      | Learned a level 2 spell: Static Discharge
   759 | D:1      | Reached XP level 3. HP: 19/19 MP: 2/7
   791 | D:1      | Learned a level 3 spell: Swiftness
  1197 | D:1      | Found a faded altar of an unknown god.
  1633 | D:2      | Reached XP level 4. HP: 24/24 MP: 3/9
  1895 | D:2      | Reached skill level 5 in Air Magic
  2564 | D:3      | Found Nelyts's Assorted Antiques.
  2577 | D:3      | Found Ynesov Mifi's Book Shop.
  2760 | D:3      | Reached skill level 1 in Armour
  2760 | D:3      | Gained mutation: Your magical nature lets you fly swiftly
                  | and evasively. [Tengu growth]
  2760 | D:3      | Reached XP level 5. HP: 28/28 MP: 2/10
  2786 | D:3      | Learned a level 4 spell: Airstrike
  3579 | D:4      | Reached skill level 6 in Air Magic
  3579 | D:4      | Reached XP level 6. HP: 17/32 MP: 5/11
  3689 | D:4      | Found a staircase to the Ecumenical Temple.
  3717 | Temple   | Entered the Ecumenical Temple
  3879 | Temple   | Became a worshipper of Vehumet
  4153 | D:4      | Reached XP level 7. HP: 37/37 MP: 7/12
  4155 | D:4      | Reached skill level 7 in Air Magic
  4160 | D:4      | Noticed Blork the orc
  4318 | D:4      | Killed Blork the orc
  4595 | D:5      | Entered Level 5 of the Dungeon
  4599 | D:5      | Reached skill level 1 in Polearms
  4708 | D:5      | Identified the +7 short sword "Duhyanoli" {spect, rPois rC+
                  | Int+2}
  4731 | D:5      | Noticed Pikel
  4732 | D:5      | Noticed Ijyb
  4746 | D:5      | Killed Pikel
  4747 | D:5      | Reached skill level 1 in Fighting
  4747 | D:5      | Reached skill level 1 in Short Blades
  4747 | D:5      | Reached skill level 5 in Conjurations
  4747 | D:5      | Reached skill level 9 in Air Magic
  4747 | D:5      | Reached XP level 8. HP: 36/43 MP: 1/15
  4753 | D:5      | Constricted to death by Ijyb

Illustrated notes

Levels and vault maps discovered:
D:1:      nzn_arrival_settlement, layout_basic,
          hellmonk_ecumenical_altar_dog_temple, minmay_lizard_king
D:2:      layout_loops_ring, grunt_ministairs_3
D:3:      layout_rooms, serial_shops, shop, shop
D:4:      layout_rooms, minmay_temple_entry_wispy, uniq_blork_the_orc
D:5:      layout_rooms, serial_co_window_serial, co_window_corner_a,
          co_window_paths_a, co_window_paths_a, co_window_paths_a,
          co_window_corner_a, co_window_2corner, co_window_broadway_a,
          co_window_of_opportunity_b, co_window_4corner_b, co_window_4corner_a,
          glass_columns_b, glass_columns_a, glass_columns_a, glass_columns_a,
          glass_columns_a, uniq_ijyb, uniq_pikel
Temple:   nicolae_temple_bog_church

Skill      XL: |  1  2  3  4  5  6  7 |
---------------+----------------------+-----
Conjurations   | 2 3 5 |  5.0
Air Magic      | 5 6 9 |  9.2
Armour         | 1 2 3 |  3.0
Spellcasting   | 3 4 |  4.0
Polearms       | 1 |  1.0
Fighting       | 1 |  1.5
Short Blades   | 1 |  1.0
Dodging        | 3 |  3.0
Stealth        | 3 |  3.0

Action                     |  1- 3 |  4- 6 |  7- 9 || total
---------------------------+-------+-------+-------++-------
  Melee: Short sword       |    13 |    21 |     5 ||    39
         Peck              |     3 |     1 |     7 ||    11
         Kick              |     2 |     9 |     1 ||    12
         Trident           |       |    11 |       ||    11
         Dagger            |       |       |     5 ||     5
   Cast: Shock             |    67 |   117 |    18 ||   202
         Airstrike         |       |     1 |     4 ||     5
         Static Discharge  |       |       |     3 ||     3
    Use: Potion            |       |       |     1 ||     1
   Stab: Sleeping          |     1 |       |       ||     1
 Armour: Robe              |     1 |     3 |     1 ||     5
         Leather armour    |       |     4 |       ||     4
  Dodge: Dodged            |     8 |    31 |    11 ||    50
